Map: Alcyone LE

Players

팔문둔갑삼점슛 - Winner!

  • Race: Zerg Zerg
  • League: Master
  • Spawn Location: 7:00

llllllllllll

  • Race: Terran Terran
  • League: Grandmaster
  • Spawn Location: 1:00

VOD

Have the link to the VOD?

Description

Time

  • Played on: Sept. 25, 2024, 12:05 p.m.
  • Length: 17:12
Show
View Real Time Build Order
Export as new Build Order

팔문둔갑삼점슛 Zerg - Winner!

Build Orders: Hatch First 

Get SALT Encoding   

  12  0:00  Drone  
  13  0:07  Drone  
  14  0:15  Drone, Extractor  
  15  0:37  Hatchery  
  15  0:41  Extractor  
  15  0:42  Drone  
  15  0:47  Overlord  
  15  1:02  Spawning Pool  
  14  1:06  Drone  
  14  1:10  Drone  
  16  1:14  Drone  
  17  1:27  Extractor  
  17  1:28  Drone x2  
  18  1:39  Drone  
  19  1:49  Zergling x2, Queen x2  
  19  1:51  Drone  
  25  2:00  Drone x2  
  27  2:12  Overlord  
  27  2:15  Drone  
  28  2:28  Drone, Spore Crawler  
  28  2:30  Drone  
  28  2:34  Drone  
  28  2:35  Drone, Metabolic Boost  
  32  2:43  Drone x2  
  34  2:52  Queen  
  34  2:55  Hatchery  
  35  3:00  Overlord  
  35  3:03  Overlord  
  35  3:07  Overlord  
  35  3:11  Overlord  
  35  3:19  Drone  
  36  3:22  Drone  
  36  3:23  Drone x3  
  36  3:26  Queen  
  42  3:34  Queen  
  42  3:38  Drone x2  
  42  3:40  Drone x2  
  48  3:41  Drone  
  48  3:45  Drone  
  50  3:49  Drone  
  51  3:56  Drone  
  51  3:59  Drone  
  51  4:02  Queen  
  55  4:03  Drone  
  55  4:06  Drone  
  55  4:07  Queen  
  55  4:08  Drone  
  55  4:09  Queen  
  60  4:15  Drone x2  
  60  4:16  Overlord  
  63  4:18  Drone x2  
  63  4:22  Overlord  
  65  4:24  Overlord  
  65  4:28  Zergling x2  
  66  4:33  Overlord  
  66  4:34  Zergling x2  
  66  4:35  Zergling x6  
  66  4:36  Zergling x2  
  71  4:40  Zergling x4  
  71  4:43  Lair  
  71  4:45  Drone  
  74  4:46  Roach Warren  
  74  4:49  Extractor  
  74  4:50  Extractor  
  74  4:52  Zergling x2  
  72  4:53  Zergling x4  
  72  4:54  Drone x2  
  72  4:55  Drone x3  
  79  5:01  Drone x2  
  80  5:10  Drone x2  
  80  5:12  Drone x2  
  80  5:13  Drone x2  
  86  5:15  Drone  
  86  5:18  Spore Crawler  
  86  5:19  Spore Crawler  
  86  5:21  Drone, Spore Crawler, Hatchery  
  84  5:22  Drone  
  84  5:23  Drone  
  84  5:27  Drone x3  
  84  5:28  Drone  
  90  5:32  Drone x2, Extractor  
  90  5:35  Overlord  
  91  5:41  Roach  
  92  5:45  Roach x2  
  92  5:48  Roach  
  96  5:52  Roach x2  
  96  5:53  Overlord  
  96  5:55  Roach  
  100  5:58  Evolution Chamber  
  100  6:00  Evolution Chamber, Drone x2  
  100  6:02  Extractor  
  100  6:03  Glial Reconstitution  
  100  6:04  Extractor, Ravager  
  98  6:08  Roach x3  
  105  6:13  Infestation Pit, Roach x2  
  105  6:14  Baneling Nest  
  105  6:15  Roach x2  
  111  6:20  Roach  
  113  6:27  Overlord  
  113  6:34  Drone x4  
  117  6:43  Zerg Melee Weapons Level 1, Zerg Ground Armor Level 1  
  117  6:45  Drone x11  
  128  6:52  Hive  
  128  6:54  Overlord  
  128  6:55  Pneumatized Carapace  
  128  6:56  Overlord  
  128  7:01  Centrifugal Hooks  
  128  7:07  Spore Crawler  
  127  7:10  Zergling x2  
  127  7:13  Zergling x6  
  127  7:14  Zergling x14  
  138  7:18  Zergling x6  
  141  7:24  Zergling x2  
  141  7:26  Zergling x2  
  141  7:27  Zergling x2  
  141  7:29  Overlord  
  144  7:32  Overlord  
  144  7:35  Baneling x4  
  144  7:36  Baneling x6  
  144  7:37  Overlord  
  144  7:39  Overlord  
  144  7:40  Overlord  
  144  7:42  Overlord x3  
  144  7:45  Overlord  
  144  7:47  Overlord x2  
  144  7:51  Zergling x2  
  144  7:52  Zergling x10  
  144  7:56  Zergling x2  
  148  7:59  Ravager  
  148  8:00  Ravager x5  
  148  8:01  Zergling x6  
  148  8:05  Zergling x12  
  158  8:12  Zergling x2  
  160  8:13  Zergling x4  
  160  8:14  Zergling x4  
  160  8:16  Zergling x4, Adrenal Glands  
  160  8:18  Baneling x9  
  166  8:20  Zergling x4  
  166  8:23  Zergling x2  
  166  8:26  Baneling x11  
  169  8:29  Zergling x2  
  169  8:30  Zergling x4  
  172  8:34  Zergling x10  
  172  8:35  Zergling x2  
  172  8:36  Zergling x2  
  178  8:41  Zergling x2  
  178  8:43  Hatchery  
  178  8:44  Zergling x4  
  178  8:45  Zergling x2  
  178  8:46  Zergling x6  
  156  8:52  Zergling x2  
  137  8:57  Zergling x4, Baneling  
  137  8:58  Baneling x6  
  137  8:59  Zerg Melee Weapons Level 2, Zergling x2, Zerg Ground Armor Level 2  
  137  9:01  Zergling x4  
  142  9:04  Zergling x2  
  142  9:05  Zergling x8  
  142  9:06  Baneling x3  
  142  9:09  Zergling x4  
  148  9:11  Zergling x2  
  148  9:12  Baneling x4  
  148  9:15  Zergling x6  
  150  9:19  Zergling x6  
  150  9:22  Zergling x2  
  137  9:26  Baneling x5  
  137  9:27  Baneling  
  137  9:28  Zergling x4  
  137  9:29  Zergling x4  
  137  9:30  Zergling x2  
  137  9:31  Zergling x4  
  143  9:32  Zergling x2  
  143  9:33  Zergling x2  
  143  9:35  Viper  
  143  9:37  Drone  
  143  9:38  Extractor  
  143  9:40  Zergling x2  
  143  9:43  Zergling x2  
  143  9:45  Zergling x2  
  137  9:47  Viper  
  137  9:51  Zergling x2  
  121  10:01  Viper  
  121  10:02  Roach  
  121  10:03  Roach x2  
  121  10:04  Drone x3  
  121  10:05  Drone x2  
  121  10:07  Zergling x2, Baneling x2  
  134  10:08  Zergling x2  
  134  10:09  Zergling x4  
  134  10:11  Zergling x2  
  139  10:14  Baneling x4  
  139  10:15  Roach x2  
  143  10:21  Zergling x4  
  143  10:22  Zergling x4  
  143  10:23  Zergling x2  
  143  10:26  Baneling  
  143  10:27  Zergling x2, Baneling  
  143  10:28  Zergling x8  
  153  10:33  Hatchery  
  153  10:35  Zergling x6  
  155  10:38  Zergling x4  
  158  10:42  Zergling x2  
  158  10:43  Zergling x2  
  158  10:44  Zergling x2  
  158  10:47  Zergling x2  
  161  10:51  Zergling x16  
  161  10:54  Zergling x2  
  161  10:55  Zergling x6  
  161  10:56  Ultralisk Cavern  
  172  10:57  Zergling x4  
  172  11:01  Zergling x6, Spire  
  172  11:02  Zergling x2  
  176  11:15  Drone x5  
  176  11:16  Baneling x7  
  176  11:17  Zergling x2  
  181  11:19  Zergling x4  
  181  11:20  Zergling x4  
  181  11:21  Zergling x10  
  181  11:23  Zerg Ground Armor Level 3  
  190  11:25  Zerg Melee Weapons Level 3  
  190  11:28  Zergling x4  
  192  11:34  Hatchery  
  192  11:37  Baneling x18  
  192  11:38  Zergling x4  
  194  11:40  Zergling x4  
  194  11:41  Zergling x2  
  194  11:42  Zergling x2  
  194  11:43  Zergling x2  
  198  11:50  Zergling x6  
  198  11:51  Zergling x4  
  198  11:52  Zergling x6  
  185  11:58  Zergling x2  
  185  11:59  Zergling x2  
  185  12:00  Zergling x2  
  185  12:01  Zergling x2  
  149  12:04  Chitinous Plating  
  140  12:10  Drone x4  
  140  12:11  Drone x4  
  148  12:16  Ultralisk  
  148  12:18  Zergling x2, Ultralisk  
  148  12:22  Zergling x2  
  162  12:23  Zergling x4  
  162  12:24  Zerg Flyer Weapons Level 1  
  162  12:28  Corruptor x2  
  168  12:31  Zergling x4  
  168  12:36  Corruptor x2  
  174  12:43  Zergling x8  
  178  12:46  Zergling x12  
  178  12:48  Extractor  
  183  12:56  Ultralisk x2  
  195  13:00  Zergling x8  
  199  13:12  Baneling x6  
  199  13:23  Anabolic Synthesis  
  199  13:26  Zergling x2  
  198  13:27  Zergling x4  
  198  13:28  Zergling x4  
  177  13:35  Zergling x8, Ultralisk x2  
  177  13:36  Zergling x4  
  177  13:37  Zergling x16  
  177  13:39  Zergling x2  
  177  13:40  Zergling x8  
  187  13:42  Zergling x2  
  187  13:44  Zergling x8  
  189  13:52  Zergling x4  
  180  13:56  Drone  
  180  13:57  Drone x2  
  180  13:58  Zergling x14  
  180  13:59  Zergling x6  
  180  14:00  Baneling x19  
  193  14:03  Zergling x2  
  193  14:04  Zergling x6  
  193  14:08  Zergling x2  
  193  14:09  Zergling x2  
  199  14:10  Zergling x2, Spore Crawler  
  199  14:12  Spore Crawler  
  198  14:18  Zergling x2  
  198  14:21  Overseer  
  198  14:23  Extractor  
  198  14:24  Extractor  
  198  14:26  Zergling x4  
  195  14:55  Ultralisk x3  
  170  15:08  Zergling x2, Ultralisk x3  
  170  15:09  Zergling x12  
  170  15:10  Zergling x4  
  181  15:16  Zergling x8, Ultralisk  
  181  15:17  Zergling x26  
  200  15:23  Zergling x2  
  200  15:26  Zergling x2  
  200  15:27  Zergling x2, Extractor  
  190  15:29  Zergling x8  
  190  15:33  Zergling x6  
  190  15:34  Zergling x6  
  190  15:35  Baneling x8  
  199  15:36  Baneling x6  
  183  16:17  Zergling x40  
  199  16:18  Baneling  
  199  16:19  Baneling x24  
  199  16:20  Baneling x5  
  199  16:41  Zergling x2  
  183  16:47  Zergling x2  
  183  16:50  Zergling x4  
  182  16:54  Zergling x2  
  182  16:55  Zergling x10  
Show
View Real Time Build Order
Export as new Build Order

llllllllllll Terran 

Build Orders: Cyclone Opening, Reaper Expand 

Get SALT Encoding   

  12  0:00  SCV  
  13  0:12  SCV  
  14  0:17  Supply Depot  
  14  0:24  SCV  
  15  0:38  SCV  
  15  0:39  Barracks  
  15  0:42  Refinery  
  16  0:50  SCV  
  17  1:02  SCV  
  18  1:15  SCV  
  19  1:25  Reaper  
  19  1:27  Orbital Command  
  20  1:39  Command Center  
  20  1:47  Supply Depot  
  20  1:53  SCV  
  21  1:57  Marine  
  22  2:05  SCV  
  23  2:10  Factory  
  23  2:17  SCV  
  23  2:19  Marine  
  25  2:29  SCV  
  26  2:37  Marine  
  26  2:41  SCV  
  28  2:54  SCV  
  28  2:56  Command Center  
  29  2:58  Cyclone, Barracks Reactor  
  29  3:01  Bunker  
  31  3:08  SCV  
  31  3:10  Orbital Command  
  32  3:21  Starport  
  32  3:22  SCV  
  34  3:34  SCV  
  34  3:37  SCV  
  34  3:40  Refinery  
  39  3:41  Hellion x2  
  39  3:43  Barracks Tech Lab  
  39  3:46  SCV  
  40  3:49  SCV  
  41  3:58  SCV  
  41  4:01  SCV  
  41  4:02  Hellion  
  45  4:08  Hellion, Orbital Command  
  47  4:10  SCV  
  47  4:13  SCV  
  49  4:20  Supply Depot, Banshee  
  49  4:21  Barracks Tech Lab  
  49  4:22  SCV  
  49  4:24  Hellion  
  55  4:26  SCV  
  55  4:30  Hellion  
  58  4:33  Orbital Command  
  58  4:34  Supply Depot, SCV  
  58  4:38  SCV  
  60  4:41  Stimpack  
  60  4:42  Marine  
  61  4:46  SCV  
  61  4:47  Supply Depot  
  61  4:50  SCV  
  63  4:58  Barracks  
  63  4:59  SCV x2  
  65  5:01  Factory Reactor  
  65  5:02  SCV  
  65  5:03  Barracks  
  65  5:04  Engineering Bay  
  65  5:05  Engineering Bay  
  65  5:06  Refinery x2  
  66  5:08  Raven, Marine  
  66  5:11  SCV  
  66  5:12  SCV  
  66  5:13  Supply Depot  
  71  5:14  SCV  
  72  5:23  SCV  
  72  5:24  SCV  
  72  5:26  SCV, Marine  
  76  5:33  Terran Infantry Weapons Level 1  
  76  5:34  Barracks  
  76  5:35  Barracks  
  76  5:36  SCV x2  
  78  5:44  Marine  
  78  5:48  SCV x2  
  75  5:57  SCV  
  75  6:00  SCV  
  75  6:01  SCV, Marine x3  
  75  6:02  Starport Reactor  
  80  6:04  Terran Infantry Armor Level 1, Barracks  
  80  6:05  Barracks  
  80  6:06  Barracks  
  80  6:09  SCV  
  81  6:12  SCV  
  81  6:14  Marine x2  
  81  6:15  Supply Depot  
  81  6:17  Supply Depot, Siege Tank  
  81  6:18  SCV, Marine  
  88  6:21  SCV  
  88  6:24  Marine  
  88  6:25  SCV, Marine  
  93  6:28  Combat Shield, Barracks Reactor x2  
  93  6:37  SCV x2, Marine x3  
  98  6:42  Marine x2  
  98  6:43  Supply Depot  
  98  6:44  Supply Depot  
  98  6:45  Medivac x2  
  104  6:49  Siege Tank  
  107  6:55  Marine x2  
  107  6:56  Supply Depot, Refinery  
  107  6:58  Supply Depot  
  107  7:00  Supply Depot  
  109  7:01  Barracks Tech Lab x3  
  109  7:02  Armory  
  109  7:05  SCV x2, Marine x3  
  109  7:06  Marine x4  
  118  7:15  Medivac x2  
  118  7:16  Marine  
  118  7:17  Marine  
  124  7:23  Marauder, Marine  
  124  7:27  Siege Tank  
  130  7:31  Supply Depot  
  130  7:32  Supply Depot, Marauder  
  130  7:33  Marauder x2, Concussive Shells  
  130  7:34  Marine x3  
  130  7:35  Marine x4  
  143  7:41  Supply Depot x2  
  143  7:43  Marine  
  144  7:44  Marauder  
  146  7:54  Marauder  
  146  7:57  Marauder x2, Marine  
  146  7:58  Marine x5  
  152  8:00  Siege Tank  
  152  8:03  Marine  
  157  8:13  Marauder  
  157  8:15  Marauder  
  157  8:16  Terran Infantry Weapons Level 2, Terran Infantry Armor Level 2  
  157  8:17  Marine x2, Command Center  
  157  8:18  Supply Depot  
  163  8:22  Medivac  
  163  8:25  Marine  
  166  8:33  Marauder x2  
  170  8:35  Marine  
  170  8:39  Marine  
  170  8:40  Medivac  
  170  8:45  Marine  
  134  8:49  Marine x2  
  134  8:50  Marine, Siege Tank  
  134  8:51  Marine x4  
  134  8:53  Marine  
  134  8:54  Marine x2  
  125  8:57  Marine  
  125  8:59  SCV  
  125  9:00  SCV x2  
  129  9:02  Marine  
  129  9:07  Marine  
  129  9:08  Marine  
  129  9:09  Marauder  
  136  9:10  Marauder, Marine x2  
  136  9:11  SCV  
  138  9:19  Marine x3  
  138  9:20  Marine  
  128  9:25  Marauder  
  128  9:27  Marine  
  128  9:29  Ghost Academy  
  128  9:30  Marine  
  128  9:31  Marauder  
  125  9:33  Siege Tank  
  120  9:40  Marine  
  120  9:41  Marine  
  120  9:42  Marine x2  
  120  9:43  Marine x4  
  118  9:47  Marauder, Marine  
  118  9:50  Marine  
  118  9:52  Liberator x2, Marauder  
  121  9:57  Marine  
  121  9:59  Marine x2  
  123  10:00  Marine x2  
  123  10:01  Marine x2  
  123  10:05  Siege Tank  
  131  10:08  SCV x3  
  131  10:13  Refinery  
  134  10:14  Refinery  
  134  10:20  SCV x3  
  143  10:24  Refinery  
  143  10:27  Terran Vehicle Weapons Level 1  
  143  10:32  SCV x3  
  146  10:38  Siege Tank  
  146  10:39  Planetary Fortress  
  146  10:40  Missile Turret  
  149  10:44  Unknown x3, SCV x3  
  152  10:52  Marine x2  
  152  10:56  SCV x3  
  156  11:04  Marine x3  
  156  11:05  Marine  
  157  11:19  Unknown, Marine x3  
  157  11:22  Terran Infantry Weapons Level 3  
  160  11:27  Terran Infantry Armor Level 3  
  160  11:30  Command Center  
  162  11:32  Unknown  
  162  11:33  Unknown  
  162  11:34  Missile Turret  
  162  11:38  Missile Turret  
  164  11:44  Missile Turret, Command Center  
  164  11:47  Unknown  
  164  11:52  Missile Turret, Marauder x2, Marine x2  
  164  11:53  Marine  
  166  11:54  Marine  
  166  11:56  Marine, Siege Tank  
  166  11:57  Marine  
  166  12:01  Unknown  
  143  12:05  Unknown  
  143  12:06  Marine x2  
  146  12:10  Marine  
  146  12:14  Missile Turret  
  146  12:15  Command Center  
  151  12:21  Terran Vehicle Weapons Level 2  
  151  12:26  Liberator x2  
  157  12:34  Unknown x2  
  157  12:36  Missile Turret  
  159  12:37  Missile Turret  
  159  12:42  Unknown x2, Missile Turret  
  161  12:45  Sensor Tower  
  163  12:52  Missile Turret  
  163  12:59  Marine  
  163  13:04  Unknown  
  168  13:05  Unknown  
  168  13:10  Widow Mine, Factory  
  168  13:11  Refinery  
  168  13:12  Factory  
  170  13:17  SCV x2  
  170  13:19  Unknown  
  172  13:23  Missile Turret  
  165  13:27  Unknown  
  165  13:33  Unknown  
  165  13:34  Siege Tank  
  150  13:37  Marine x2  
  150  13:40  Marine  
  138  13:42  Marine x2  
  138  13:43  Marine  
  138  13:53  Marine x2  
  138  14:01  SCV x2  
  138  14:02  SCV  
  142  14:03  Orbital Command  
  142  14:06  Widow Mine  
  143  14:10  Unknown x2  
  143  14:11  Factory Reactor, Refinery  
  143  14:14  Missile Turret  
  147  14:17  Missile Turret  
  147  14:19  Personal Cloaking  
  147  14:21  Unknown x2  
  147  14:22  Planetary Fortress  
  151  14:25  Marine x6  
  151  14:26  Marine  
  158  14:38  Marine  
  158  14:39  Unknown x2  
  158  14:41  Viking x2  
  158  14:42  Marine  
  168  14:46  Drilling Claws  
  168  14:48  Widow Mine x2  
  168  14:49  Unknown  
  168  14:50  Unknown  
  172  14:57  Widow Mine  
  145  15:07  Unknown  
  145  15:08  Unknown  
  145  15:10  Marine x4  
  145  15:11  Marine  
  133  15:19  Marine, Siege Tank  
  124  15:25  Widow Mine x2  
  124  15:26  Orbital Command, Marine  
  120  15:30  SCV x4  
  124  15:38  Unknown x2  
  124  15:39  Marine  
  124  15:40  Marauder, Marine x6  
  124  15:41  Marauder x2  
  124  15:42  SCV x4  
  141  15:46  Unknown, Widow Mine x2  
  141  15:47  Missile Turret, Marauder  
  147  15:51  Widow Mine  
  147  15:54  SCV x3  
  147  15:55  Hi-Sec Auto Tracking  
  147  15:56  Missile Turret  
  152  16:02  Marauder  
  149  16:08  Widow Mine  
  142  16:19  Marine x3  
  142  16:21  Widow Mine  
  142  16:24  SCV  
  142  16:25  SCV x3  
  153  16:37  SCV  
  153  16:38  Widow Mine  
  154  16:40  Factory Tech Lab  
  154  16:42  Unknown  
  154  16:43  Unknown x2  
  154  16:44  Command Center  
  131  16:54  Marine  
Tags
 
Add a new tag
Caveats
  • Supply blocks, unpowered buildings, or Contaminate may cause inaccurate times.
  • Supply counts are checked every 10 seconds.